 Dungeon Crawl Stone Soup version 0.28-a0-1199-gef9e1dbd39 (webtiles) character file.

Game seed: 11240015585140472770

5698 Peloso the Carver (level 10, -1/91 HPs)
             Began as a Minotaur Fighter on Dec 19, 2021.
             Was an Elder of Okawaru.
             Slain by a boulder beetle (17 damage)
             ... on level 9 of the Dungeon.
             The game lasted 00:13:16 (7690 turns).

Peloso the Carver (Minotaur Fighter)                Turns: 7690, Time: 00:13:17

Health: -1/91      AC: 13    Str: 22    XL:     10   Next: 47%
Magic:  8/9        EV: 12    Int:  5    God:    Okawaru [****..]
Gold:   418        SH:  5    Dex: 13    Spells: 9/9 levels left

rFire   . . .      SeeInvis .   a - +0 long sword
rCold   . . .      Faith    .   c - +0 buckler
rNeg    . . .      Spirit   .   b - +3 scale mail
rPois   .          Reflect  .   (helmet restricted)
rElec   .          Harm     .   w - scarf {repulsion}
rCorr   .          Rampage  .   r - +0 pair of gloves
Will    .....                   (no boots)
Stlth   ..........              m - amulet of regeneration
HPRegen 1.05/turn               (no ring)
MPRegen 0.11/turn               (no ring)

@: mighty, repel missiles
A: horns 2, retaliatory headbutt
a: Renounce Religion, Heroism, Finesse


You were on level 9 of the Dungeon.
You worshipped Okawaru.
Okawaru was greatly pleased with you.
You visited 2 branches of the dungeon, and saw 10 of its levels.

You collected 418 gold pieces.

Inventory:

Hand Weapons
 a - a +0 long sword (weapon)
Armour
 b - a +3 scale mail (worn)
 c - a +0 buckler (worn)
 p - a +0 chain mail
 r - a +0 pair of gloves (worn)
 w - a scarf of repulsion (worn)
Jewellery
 m - an amulet of regeneration (around neck)
 u - a ring of wizardry
Wands
 q - a wand of polymorph (4)
 A - a wand of digging (9)
Scrolls
 e - 2 scrolls of fog
 g - 2 scrolls of brand weapon
 k - a scroll of identify
 s - a scroll of enchant weapon
 v - 2 scrolls of magic mapping
 y - a scroll of vulnerability {unknown}
 B - a scroll of holy word
Potions
 f - a potion of curing
 h - a potion of lignification {unknown}
 i - 2 potions of resistance
 j - a potion of magic {unknown}
 l - a potion of cancellation {unknown}
 n - a potion of attraction {unknown}
 t - a potion of heal wounds {unknown}
 z - a potion of mutation {unknown}


   Skills:
 + Level 9.0 Fighting
 + Level 11.6 Long Blades
 + Level 9.5 Armour
 + Level 5.2 Dodging
 + Level 1.7 Stealth
 + Level 7.0 Shields
 + Level 0.9 Invocations


You had 9 spell levels left.
You didn't know any spells.
Your spell library contained the following spells:

 Spells                   Type           Power      Damage    Failure   Level
 Pain                     Necr           0%         1d4       75%         1
 Ensorcelled Hibernation  Hex/Ice        0%         N/A       87%         2
 Spider Form              Tmut/Pois      0%         N/A       98%         3
 Olgreb's Toxic Radiance  Pois           0%         N/A       100%        4
 Agony                    Necr           0%         N/A       100%        5
 Excruciating Wounds      Necr           0%         N/A       100%        5
 Ozocubu's Refrigeration  Ice            0%         4d5       100%        7
 Ignition                 Fire           0%         3d3       100%        8


Dungeon Overview and Level Annotations

Branches:
Dungeon (9/15)             Temple (1/1) D:6             Orc (0/2) D:9
   Lair: D:8-11

Altars:
Ashenzari
Cheibriados
Dithmenos
Elyvilon
Fedhas
Gozag
Hepliaklqana
Kikubaaqudgha
Makhleb
Nemelex Xobeh
Okawaru
Qazlal
Ru
Sif Muna
Trog
Uskayaw
Vehumet
Wu Jian
Xom
Yredelemnul
Zin
The Shining One

Shops:
D:2 *   D:4 *   D:5 ([[(=   D:6 [   D:8 [

Annotations:
D:5 Guanti Guerra
D:8 Gastronok, Psyche


Innate Abilities, Weirdness & Mutations

You have a pair of horns on your head.
You reflexively headbutt those who attack you in melee.


Message History

As you read the scroll of fear, it crumbles to dust.
You assume a fearsome visage.
The boulder beetle looks frightened!
The gnoll sergeant looks frightened!
The howler monkey zombie is unaffected.
The boulder beetle leaps!
The howler monkey zombie closely misses you.
You slash the howler monkey zombie!
You destroy the howler monkey zombie!
Okawaru accepts your kill.
Unknown command.
As you read the scroll labelled VAOW BOQU COFE, it crumbles to dust.
You speak a Word of immense power!
It was a scroll of holy word.
You feel like a meek peon again.
As you read the scroll labelled IHYM VUGUMM, it crumbles to dust.
It is a scroll of amnesia.
You feel forgetful for a moment.
The boulder beetle curls into a ball and begins rolling!
The boulder beetle seems to regain its courage.
You hit the boulder beetle but do no damage.
You headbutt the boulder beetle.
The boulder beetle is heavily wounded.
You block the boulder beetle's attack.
The boulder beetle stops rolling and uncurls.
You slash the boulder beetle! You headbutt the boulder beetle.
The boulder beetle is heavily wounded.
The boulder beetle bites you.
* * * LOW HITPOINT WARNING * * *
A centaur comes into view.
You barely miss the boulder beetle.
The boulder beetle is heavily wounded.
The centaur shouts!
The boulder beetle bites you!!
* * * LOW HITPOINT WARNING * * *
The centaur wields a +0 shortbow.
The centaur shoots an arrow.
The arrow closely misses you.
The arrow hits the boulder beetle but does no damage.
You feel better.
The centaur shoots an arrow.
The arrow closely misses you.
The arrow hits the boulder beetle but does no damage.
The boulder beetle waves its antennae.
The boulder beetle bites you!
You die...

.## ...## .....
...g ##c.###
#...'.### ##...###
#.g....### ##
##..#.@...# .###
#.†.###B.## ...###
##Bg###...#
.....###
#.....#°.##
.)...'.#####g..°..#
....##...#.###†..##
#...#..)##...#'#.#
##..###)')..)..###
##...###..#..##


You could see a boulder beetle, a gnoll sergeant and a centaur.

Vanquished Creatures
  A troll (D:9)
  Grinder (D:4)
  A wyvern (D:7)
  15 yaks (D:9)
  A vampire mosquito (D:9)
  Edmund (D:4)
  An acid dragon (D:7)
  2 water moccasins (D:9)
  A sky beast (D:6)
  A black bear (D:6)
  A necrophage (D:4)
  An ogre (D:5)
  5 orc warriors (D:9)
  A centaur (D:6)
  A phantom (D:6)
  2 kobold brigands
  A gnoll sergeant (D:9)
  4 scorpions
  A wight (D:9)
  5 killer bees (D:9)
  A howler monkey (D:5)
  2 centaur zombies (D:9)
  A bullfrog zombie (D:5)
  2 jellies
  2 orc priests
  A gnoll shaman (D:5)
  A centaur skeleton (D:6)
  3 iguanas
  4 orc wizards
  3 howler monkey zombies
  10 gnolls
  A howler monkey skeleton (D:6)
  6 adders
  A shadow imp (D:6)
  A white imp (D:7)
  An adder skeleton (D:4)
  A worm (D:3)
  2 dart slugs
  22 orcs
  2 ball pythons (D:2)
  6 bats
  10 endoplasms
  8 goblins
  4 hobgoblins
  2 jackals (D:3)
  4 quokkas
  2 frilled lizards (D:3)
  7 kobolds
  6 rats
163 creatures vanquished.

Vanquished Creatures (others)
  A plant (D:6)
1 creature vanquished.

Grand Total: 164 creatures vanquished

Notes
Turn   | Place    | Note
-------+----------+-------------------------------------------
     0 | D:1      | Peloso the Minotaur Fighter began the quest for the Orb.
     0 | D:1      | Reached XP level 1. HP: 19/19 MP: 0/0
    98 | D:1      | Found a faded altar of an unknown god.
   124 | D:1      | Reached XP level 2. HP: 22/27 MP: 1/1
   918 | D:2      | Reached XP level 3. HP: 21/33 MP: 2/2
  1093 | D:2      | Found a blossoming altar of Fedhas.
  1100 | D:2      | Found Xonigg's Assorted Antiques.
  1997 | D:3      | Reached skill level 3 in Long Blades
  2186 | D:3      | Reached XP level 4. HP: 41/41 MP: 3/3
  2780 | D:4      | Noticed a scorpion
  2790 | D:4      | Killed a scorpion
  2791 | D:4      | Reached skill level 5 in Armour
  2791 | D:4      | Reached XP level 5. HP: 41/47 MP: 4/4
  2793 | D:4      | Found Olelysk's Gadget Gallery.
  2838 | D:4      | Noticed Edmund
  2848 | D:4      | Noticed a necrophage
  2860 | D:4      | Killed a necrophage
  2861 | D:4      | Reached skill level 4 in Long Blades
  2864 | D:4      | Killed Edmund
  2865 | D:4      | Reached skill level 5 in Fighting
  2865 | D:4      | Reached XP level 6. HP: 21/56 MP: 5/5
  3092 | D:4      | Noticed Grinder
  3105 | D:4      | Killed Grinder
  3106 | D:4      | Reached skill level 5 in Long Blades
  3106 | D:4      | Reached XP level 7. HP: 27/61 MP: 6/6
  3339 | D:4      | Reached skill level 1 in Dodging
  3380 | D:4      | Found a glowing silver altar of Zin.
  3568 | D:4      | Found a sparkling altar of Nemelex Xobeh.
  3771 | D:5      | Entered Level 5 of the Dungeon
  3789 | D:5      | Found Haplibb's Antique Armour Shop.
  3815 | D:5      | Found Jaimn's Weapon Shop.
  3832 | D:5      | Reached skill level 5 in Shields
  3852 | D:5      | Reached skill level 6 in Long Blades
  3993 | D:5      | Found Uhicaemn's Jewellery Shoppe.
  4083 | D:5      | Found Wakkafyb's Weapon Shoppe.
  4163 | D:5      | Found Qautum's Antique Armour Boutique.
  4341 | D:6      | Found a stormy altar of Qazlal.
  4366 | D:6      | Found a staircase to the Ecumenical Temple.
  4403 | Temple   | Entered the Ecumenical Temple
  4463 | Temple   | Became a worshipper of Warmaster Okawaru
  4569 | D:6      | Reached XP level 8. HP: 56/70 MP: 7/7
  4653 | D:6      | Reached skill level 7 in Long Blades
  4667 | D:6      | Found Qofu's Antique Armour Emporium.
  5331 | D:6      | Reached * piety under Okawaru
  5332 | D:6      | Reached skill level 8 in Long Blades
  5632 | D:7      | Reached skill level 1 in Stealth
  5875 | D:7      | Found a bloodstained altar of Trog.
  6095 | D:7      | Found an ancient bone altar of Kikubaaqudgha.
  6095 | D:7      | Found a hazy altar of Hepliaklqana.
  6095 | D:7      | Found a basalt altar of Yredelemnul.
  6479 | D:8      | Found Geaff's Antique Armour Shop.
  6518 | D:8      | Noticed Gastronok
  6525 | D:8      | Noticed Psyche
  6594 | D:9      | Reached XP level 9. HP: 75/78 MP: 8/8
  6637 | D:9      | Reached ** piety under Okawaru
  6653 | D:9      | Reached skill level 9 in Long Blades
  6752 | D:9      | Reached skill level 10 in Long Blades
  6761 | D:9      | Reached *** piety under Okawaru
  6777 | D:9      | Reached XP level 10. HP: 68/89 MP: 9/9
  6832 | D:9      | Found an ornate altar of the Wu Jian Council.
  6935 | D:9      | Found a staircase to the Orcish Mines.
  7088 | D:9      | Reached skill level 11 in Long Blades
  7189 | D:9      | Reached **** piety under Okawaru
  7419 | D:9      | Reached skill level 5 in Dodging
  7648 | D:9      | Noticed a boulder beetle
  7690 | D:9      | Slain by a boulder beetle

Illustrated notes

Levels and vault maps discovered:
D:1:      matt_arrival_diagonals, layout_basic,
          hellmonk_ecumenical_altar_crossroads, roderic_serpentine_path,
          chequers_avenue
D:2:      layout_basic, basic_altar, serial_shops, nicolae_shop_statue_plus
D:3:      layout_loops_cross
D:4:      layout_rooms, mainiacjoe_overflow_six_doors_small,
          nemelex_diamond_rough_becter, nicolae_shop_gadgets, uniq_edmund,
          uniq_grinder
D:5:      layout_basic, serial_shops, shop, nicolae_shop_waterfront,
          nicolae_shop_advertising_works [nicolae_subvault_shop_adworks],
          nicolae_shop_stone, kennysheep_little_box,
          eino_small_chamber_without_monster, serial_park_tiny_pond
D:6:      layout_gridville, nicolae_qazlal_scattered_showers,
          minmay_temple_entry_overgrown, serial_shops, nicolae_shop_stone
D:7:      layout_loops_corners, bloody_trog, gammafunk_temple_overflow_forgotten
D:8:      layout_cave_pools, erik_lair_orcish_takeover, nicolae_stop_n_shop_2,
          uniq_psyche, uniq_gastronok
D:9:      minmay_slanted_spiral_squares, layout_basic,
          nicolae_overflow_crystal_walls, orc_david_3
Temple:   zaba_magenta_temple

Skill      XL: |  1  2  3  4  5  6  7  8  9 10 |
---------------+-------------------------------+-----
Armour         | 4 5 6 7 8 9 |  9.5
Fighting       | 4 5 6 8 9 |  9.0
Shields        | 4 5 6 7 |  7.0
Long Blades    | 3 4 5 6 8 10 11 | 11.6
Dodging        | 1 3 4 5 |  5.2
Stealth        | 1 |  1.7
Invocations    | |  0.9

Action                   |  1- 3 |  4- 6 |  7- 9 | 10-12 || total
-------------------------+-------+-------+-------+-------++-------
Melee: Long sword        |    73 |    45 |   277 |   141 ||   536
       Headbutt          |    14 |    14 |    63 |    36 ||   127
Invok: Heroism           |       |       |     2 |     4 ||     6
  Use: Scroll            |       |     3 |     3 |     3 ||     9
       Potion            |       |     1 |       |     3 ||     4
Armor: Scale mail        |    36 |    13 |   108 |    43 ||   200
Dodge: Dodged            |    29 |    14 |   121 |    84 ||   248
Block: Buckler           |    16 |    14 |    59 |    31 ||   120

Table legend: (Time is in decaauts)
 A = Elapsed time spent in this place.
 B = Non-inter-level travel time spent in this place.
 C = Inter-level travel time spent in this place.
 D = Time resting spent in this place.
 E = Time spent auto-exploring this place.
 F = Levels seen in this place.
 G = Mean time per level.
                   A        B        C        D        E       F      G
               +--------+--------+--------+--------+--------+-----+--------+
         Total |   7688 |   7460 |    228 |    128 |   5810 |  10 |  768.8 |
       Dungeon |   7611 |   7383 |    228 |    128 |   5760 |   9 |  845.7 |
        Temple |     77 |     77 |      0 |      0 |     50 |   1 |   77.0 |
               +--------+--------+--------+--------+--------+-----+--------+

Top non-repeatable levels by time:
     D:2: 1114 daAuts
     D:7: 1104 daAuts
     D:9: 1061 daAuts
     D:6: 1015 daAuts
     D:4: 1000 daAuts
     D:3: 844 daAuts
     D:1: 842 daAuts
     D:5: 571 daAuts
  Temple: 77 daAuts
     D:8: 55 daAuts
